 Dungeon Crawl Stone Soup version 0.28.0-47-ge53b351184 (webtiles) character file.

Game seed: 1270797318560346526

18 klau3 the Skirmisher (level 2, -1/27 HPs)
             Began as a Hill Orc Fighter on May 6, 2022.
             Slain by Jessica
             ... wielding a +0 club
              (4 damage)
             ... on level 2 of the Dungeon.
             The game lasted 00:01:59 (1016 turns).

klau3 the Skirmisher (Hill Orc Fighter)             Turns: 1016, Time: 00:02:00

Health: -1/27      AC:  7    Str: 18    XL:     2   Next: 70%
Magic:  2/2        EV:  9    Int:  8    God:
Gold:   35         SH:  4    Dex: 10    Spells: 1/1 levels left

rFire   . . .      SeeInvis .   a - +0 war axe
rCold   . . .      Faith    .   c - +0 buckler
rNeg    . . .      Spirit   .   b - +0 scale mail
rPois   .          Reflect  .   (no helmet)
rElec   .          Harm     .   (no cloak)
rCorr   .          Rampage  .   (no gloves)
Will    .....                   (no boots)
Stlth   ..........              (no amulet)
HPRegen 0.09/turn               (no ring)
MPRegen 0.08/turn               (no ring)

@: no status effects
A: no striking features
a: no special abilities


You were on level 2 of the Dungeon.
You visited 1 branch of the dungeon, and saw 2 of its levels.

You collected 35 gold pieces.

Inventory:

Hand Weapons
 a - a +0 war axe (weapon)
Armour
 b - a +0 scale mail (worn)
 c - a +0 buckler (worn)
Scrolls
 e - a scroll of identify {unknown}
 f - a scroll of summoning {unknown}
Potions
 d - a potion of might
 g - a potion of attraction {unknown}


   Skills:
 + Level 3.9 Fighting
 + Level 3.0 Axes
 + Level 3.8 Armour
 + Level 0.1 Dodging
 + Level 3.4 Shields


You had one spell level left.
You didn't know any spells.
Your spell library was empty.

Dungeon Overview and Level Annotations

Branches:
Dungeon (2/15)

Altars:

Annotations:
D:2 Jessica


Message History

The quokka bites you but does no damage.
Jessica hits you with a +0 club!
You hit Jessica.
Jessica is lightly wounded.
You hit the quokka. Jessica hits you with a +0 club.
The quokka closely misses you. Jessica completely misses you.
You block the quokka's attack.
You closely miss Jessica.
Jessica is lightly wounded.
You hit the quokka.
You kill the quokka!
Jessica barely misses you. Jessica hits you with a +0 club.
Your Axes skill increases to level 3!
You barely miss Jessica.
Jessica is lightly wounded.
Jessica gestures wildly.
Jessica hits you but does no damage. x2
You barely miss Jessica.
Jessica is lightly wounded.
Jessica closely misses you. You block Jessica's attack.
You hit Jessica.
Jessica is severely wounded.
Jessica barely misses you. Jessica hits you but does no damage.
Jessica hits you with a +0 club.
You closely miss Jessica.
Jessica is severely wounded.
Jessica gestures at you while chanting.
You barely resist. Jessica hits you with a +0 club.
You barely miss Jessica.
Jessica is severely wounded.
Jessica shouts, "I don't like beings like you!"
Jessica hits you with a +0 club.
* * * LOW HITPOINT WARNING * * *
Jessica casts a spell at you. Pain shoots through your body!
* * * LOW HITPOINT WARNING * * *
You closely miss Jessica.
Jessica is severely wounded.
Jessica hits you with a +0 club.
You die...

#+# #.#
####.#####
#....@...#
#.....@...#
#.........#
.........#..#
###..##.......
#.. #.##..###
#. ... ..# ##
#.# ##


You could see Jessica (fast).

Vanquished Creatures
  2 ball pythons (D:1)
  3 endoplasms (D:1)
  A giant cockroach (D:1)
  2 hobgoblins (D:1)
  2 quokkas
  2 bats (D:1)
  A frilled lizard (D:1)
  2 goblins (D:1)
  A kobold (D:1)
  A rat (D:1)
17 creatures vanquished.

Notes
Turn   | Place    | Note
-------+----------+-------------------------------------------
     0 | D:1      | klau3 the Hill Orc Fighter began the quest for the Orb.
     0 | D:1      | Reached XP level 1. HP: 19/19 MP: 1/1
   193 | D:1      | Reached XP level 2. HP: 25/27 MP: 2/2
  1005 | D:2      | Noticed Jessica
  1016 | D:2      | Slain by Jessica

Illustrated notes

Levels and vault maps discovered:
D:1:      nzn_arrival_depleted_hourglass, layout_basic,
          minmay_stone_trees_medium, serial_bayou_pond_e,
          hangedman_decor_growths, minmay_statues_item
D:2:      layout_loops_corners, hellmonk_ecumenical_altar_prayer_group,
          uniq_jessica, uniq_crazy_yiuf_cottage, uniq_natasha, uniq_robin

Skill      XL: |  1  2 |
---------------+-------+-----
Axes           | 3 |  3.0
Fighting       | |  3.9
Armour         | |  3.8
Dodging        | |  0.1
Shields        | |  3.4

Action                   || total
-------------------------++-------
Melee: War axe           ||    36
Armor: Scale mail        ||    11
Dodge: Dodged            ||    19
Block: Buckler           ||     8
